 Dungeon Crawl Stone Soup version 0.28-a0-519-gbfeecf2fc5 (webtiles) character file.

Game seed: 1885050734398170086

28 Goblin1989 the Chopper (level 2, 0/24 HPs)
             Began as a Demonspawn Cinder Acolyte on Sept 24, 2021.
             Was a High Priest of Ignis.
             Slain by a jackal (1 damage)
             ... on level 1 of the Dungeon.
             The game lasted 00:01:12 (1192 turns).

Goblin1989 the Chopper (Demonspawn Cinder Acolyte)  Turns: 1192, Time: 00:01:12

Health: 0/24       AC:  2    Str: 14    XL:     2   Next: 96%
Magic:  3/3        EV: 11    Int: 15    God:    Ignis [*****.]
Gold:   92         SH:  0    Dex:  8    Spells: 3/3 levels left

rFire   + . .      SeeInvis .   a - -1 hand axe (flame)
rCold   . . .      Faith    .   (no shield)
rNeg    . . .      Spirit   .   b - +0 robe
rPois   .          Reflect  .   (helmet restricted)
rElec   .          Harm     .   (no cloak)
rCorr   .          Rampage  .   (no gloves)
Will    .....                   (no boots)
Stlth   +.........              (no amulet)
HPRegen 0.08/turn               (no ring)
MPRegen 0.08/turn               (no ring)

@: no status effects
A: horns 1
a: Renounce Religion, Sea of Fire, Foxfire Swarm, Rising Flame


You were on level 1 of the Dungeon.
You worshipped Ignis.
Ignis was extremely pleased with you.
You visited 1 branch of the dungeon, and saw 2 of its levels.

You collected 92 gold pieces.

Inventory:

Hand Weapons
 a - a -1 hand axe of flaming (weapon)
Armour
 b - a +0 robe (worn)
Scrolls
 d - a scroll of identify {unknown}
Potions
 c - a potion of brilliance {unknown}


   Skills:
 - Level 3.0 Fighting
 + Level 3.8 Axes
 - Level 1.0 Spellcasting
 - Level 2.6 Fire Magic


You had 3 spell levels left.
You didn't know any spells.
Your spell library contained the following spells:

 Spells                   Type           Power      Damage    Failure   Level
 Scorch                   Fire           16%        2d5       12%         2


Dungeon Overview and Level Annotations

Branches:
Dungeon (2/15)

Altars:


Innate Abilities, Weirdness & Mutations

You have a pair of small horns on your head.


Message History

No target in view!
No target in view!
No target in view!
No target in view!
No target in view!
No target in view!
No target in view!
No target in view!
No target in view!
Unknown command.
Unknown command.
Things that are here:
a +0 dagger; a goblin corpse You now have 92 gold pieces (gained 4).
Things that are here:
a +0 dagger; a goblin corpse A jackal comes into view.
The jackal barks!
A jackal is nearby!
A jackal is nearby!
A jackal comes into view. x2
A goblin comes into view. It is wielding a +0 dagger.
An endoplasm comes into view.
The endoplasm quivers.
The jackal barks!
The goblin shouts!
An endoplasm comes into view.
The jackal barks!
You hit the jackal but do no damage. The jackal bites you.
A jackal comes into view.
The jackal barely misses you.
You take 2 damage, and have 22/24 hp.
The jackal barks!
You hit the jackal but do no damage. The jackal barely misses you.
You barely miss the jackal. The jackal bites you. x3
You take 5 damage, and have 17/24 hp.
MASSIVE DAMAGE!!
You slash the jackal! You burn the jackal.
You kill the jackal!
You closely miss the jackal.
A giant cockroach comes into view.
The jackal closely misses you.
You barely miss the goblin. You barely miss the jackal.
The jackal barely misses you. The goblin hits you with a +0 dagger.
The endoplasm freezes you.
You are frozen.
* * * LOW HITPOINT WARNING * * *
The goblin hits you with a +0 dagger.
* * * LOW HITPOINT WARNING * * *
You are too injured to fight recklessly!
You are too injured to fight recklessly!
You take 11 damage, and have 6/24 hp.
MASSIVE DAMAGE!!
You are too injured to fight recklessly!
You are too injured to fight recklessly!
You are too injured to fight recklessly!
You are too injured to fight recklessly!
You are too injured to fight recklessly!
You are too injured to fight recklessly!
You are too injured to fight recklessly!
You are too injured to fight recklessly!
You are too injured to fight recklessly!
You are too injured to fight recklessly!
You are too injured to fight recklessly!
You are too injured to fight recklessly!
You are too injured to fight recklessly!
You are too injured to fight recklessly!
You are too injured to fight recklessly!
Unknown command.
The endoplasm freezes you.
You are frozen.
* * * LOW HITPOINT WARNING * * *
The jackal closely misses you.
You take 2 damage, and have 4/24 hp.
The jackal closely misses you. The jackal closely misses you.
The jackal misses you. The jackal bites you.
* * * LOW HITPOINT WARNING * * *
There is a stone staircase leading up here.
The jackal bites you.
* * * LOW HITPOINT WARNING * * *
The endoplasm barely misses you.
You climb upwards.
There is a stone staircase leading down here.
You take 2 damage, and have 2/24 hp.
The endoplasm jiggles.
The jackal misses you. The jackal barely misses you.
The jackal barely misses you.
You hit the jackal but do no damage. Your headbutt misses the jackal.
The jackal completely misses you.
You barely miss the jackal.
The jackal stops to sniff the ground.
The jackal closely misses you. x2
You hit the jackal. You burn the jackal. You headbutt the jackal.
You kill the jackal!
You slash the endoplasm! You burn the endoplasm.
You kill the endoplasm!
You hit the jackal but do no damage. The jackal bites you.
* * * LOW HITPOINT WARNING * * *
The jackal bites you.
You die... .....████.█ .....█ █.█ .....█ █.█ .....████.█ .....∆...>████████ .....███.h..█....█ .....█ █..█J█..█.█ ██████

█..█.█J.█h█ █.█
█....h.██@█ ..█
██.█..███.█ █.█
█.█......█
█∆███████.██.█████
.......██....█
.......██.████
.......██.█
.......██.█
........█.█


You could see a jackal.

Vanquished Creatures
  A dart slug (D:1)
  3 bats (D:1)
  4 endoplasms (D:1)
  2 goblins
  4 hobgoblins (D:1)
  2 jackals
  A quokka (D:1)
  A ball python (D:1)
  3 frilled lizards (D:1)
  A kobold (D:1)
  A rat (D:1)
23 creatures vanquished.

Vanquished Creatures (others)
  4 plants (D:1)
  3 withered plants (D:1)
7 creatures vanquished.

Grand Total: 30 creatures vanquished

Notes
Turn   | Place    | Note
-------+----------+-------------------------------------------
     0 | D:1      | Goblin1989 the Demonspawn Cinder Acolyte began the quest
                  | for the Orb.
     0 | D:1      | Reached XP level 1. HP: 18/18 MP: 2/2
   406 | D:1      | Gained mutation: You have a pair of small horns on your
                  | head. [demonic ancestry]
   406 | D:1      | Reached XP level 2. HP: 17/24 MP: 3/3
   635 | D:1      | Found a faded altar of an unknown god.
  1192 | D:1      | HP: 1/24 [jackal (2)]
  1192 | D:1      | Slain by a jackal

Illustrated notes

Levels and vault maps discovered:
D:1:      matt_arrival_spirals, layout_basic,
          ebering_ecumenical_altar_petrified, serial_bayou_lake_a
D:2:      layout_rooms, basic_altar

Skill      XL: |  1 |
---------------+----+-----
Axes           | 3 |  3.8
Fighting       | |  3.0
Spellcasting   | |  1.0
Fire Magic     | |  2.6

Action                   || total
-------------------------++-------
Melee: Hand axe          ||    61
       Headbutt          ||     5
Armor: Robe              ||    12
Dodge: Dodged            ||    50

Table legend: (Time is in decaauts)
 A = Elapsed time spent in this place.
 B = Non-inter-level travel time spent in this place.
 C = Inter-level travel time spent in this place.
 D = Time resting spent in this place.
 E = Time spent auto-exploring this place.
 F = Levels seen in this place.
 G = Mean time per level.
                   A        B        C        D        E       F      G
               +--------+--------+--------+--------+--------+-----+--------+
         Total |   1217 |   1201 |     16 |      0 |   1016 |   2 |  608.5 |
       Dungeon |   1217 |   1201 |     16 |      0 |   1016 |   2 |  608.5 |
               +--------+--------+--------+--------+--------+-----+--------+

Top non-repeatable levels by time:
     D:1: 1187 daAuts
     D:2: 29 daAuts
